 Dungeon Crawl Stone Soup version 0.29-a0-1043-g569b05d6ff (webtiles) character file.

Game seed: 14730997235790227680

4 Sabo the Trooper (level 1, 18/18 HPs)
             Began as a Demonspawn Chaos Knight on Aug 16, 2022.
             Was a Plaything of Xom.
             Got out of the dungeon alive.
             The game lasted 00:01:10 (197 turns).

Sabo the Trooper (Demonspawn Chaos Knight)           Turns: 197, Time: 00:01:10

Health: 18/18      AC:  5    Str: 12    XL:     1   Next: 58%
Magic:  1/1        EV: 11    Int: 13    God:    Xom [..*...]
Gold:   0          SH:  0    Dex: 12    Spells: 0/0 levels left

rFire   . . .      SeeInvis .   a - +0 hand axe (chaos)
rCold   . . .      Faith    .   (no shield)
rNeg    . . .      Spirit   .   b - +2 leather armour
rPois   .          Reflect  .   (no helmet)
rElec   .          Harm     .   (no cloak)
rCorr   .          Rampage  .   (no gloves)
Will    .....                   (no boots)
Stlth   +.........              (no amulet)
HPRegen 0.06/turn               (no ring)
MPRegen 0.07/turn               (no ring)

@: no status effects
A: no striking features
a: Renounce Religion


You escaped.
You worshipped Xom.
You were a toy of Xom.
You visited 1 branch of the dungeon, and saw 1 of its levels.

Inventory:

Hand Weapons
 a - a +0 hand axe of chaos (weapon)
 d - a +0 quick blade
Armour
 b - a +2 leather armour (worn)
Miscellaneous
 c - a piece from Xom's chessboard (15/15) (quivered)


   Skills:
 + Level 3.1 Fighting
 + Level 2.9 Axes
 + Level 1.7 Armour
 + Level 0.8 Dodging


You couldn't memorise any spells.
You didn't know any spells.
Your spell library was empty.

Dungeon Overview and Level Annotations

Branches:
Dungeon (1/15)

Altars:


Message History

Found 2 sapphire potions.
The hobgoblin closely misses you.
You hit the hobgoblin.
The hobgoblin is poisoned.
The hobgoblin is almost dead.
You kill the hobgoblin!
You hit the frilled lizard.
You kill the frilled lizard! 2 hobgoblins come into view.
Found a book of Debilitation.
The hobgoblin shouts! x2
You see here a hobgoblin corpse.
Found a glowing dagger. "Go forth and cause havoc, mortal!"
You feel yourself speed up.
The hobgoblin hits you but does no damage.
You hit the hobgoblin. You freeze the hobgoblin.
You kill the hobgoblin!
You hit the hobgoblin.
The hobgoblin hits you with a +0 quick blade.
The hobgoblin hits you with a +0 quick blade.
You hit the hobgoblin. You freeze the hobgoblin.
You kill the hobgoblin!
You see here a +0 quick blade.
d - a +0 quick blade You start resting.
Your extra speed is starting to run out.
You start resting.
You feel yourself slow down.
You start resting.
Xom almost notices you.
Your piece from Xom's chessboard (15/15) falls out of your pack, then immediately jumps back in!
You start resting.
HP restored.
You see here a hobgoblin corpse.
There is a large open door here.
There is a large open door here.
There is a large open door here.
There is a staircase leading out of the dungeon here.
You can't go down here!
Are you sure you want to leave the Dungeon?
This will make you lose the game!
You have escaped!

# ..# ) #.# .##.#
..#.# ....# ######
....# #....# ....#
#####.≈≈.### .!..#
#.'.'.≈≈.'.# ....#
#.'.'.≈§§'@#
..#.###.###.≈≈.###
....†....##.§§.#
........########
.##.###.# . #.#
#.# . #:# #.# #.#
#.# #.# #.#


There were no monsters in sight!

Vanquished Creatures
  3 hobgoblins (D:1)
  A frilled lizard (D:1)
4 creatures vanquished.

Notes
Turn   | Place    | Note
-------+----------+-------------------------------------------
     0 | D:1      | Sabo the Demonspawn Chaos Knight began the quest for the
                  | Orb.
     0 | D:1      | Reached XP level 1. HP: 18/18 MP: 1/1
    25 | D:1      | XOM: potion effect (haste)
   108 | D:1      | XOM: silly message
   197 | D:$      | Got out of the dungeon alive.

Illustrated notes

Levels and vault maps discovered:
D:1:      lightli_arrival_lavapool, layout_loops_ring,
          dreamdust_ecumenical_altar_drowned_temple

Action                   || total
-------------------------++-------
Melee: Hand axe          ||     4
Armor: Leather armour    ||     1
Dodge: Dodged            ||     1

Table legend: (Time is in decaauts)
 A = Elapsed time spent in this place.
 B = Non-inter-level travel time spent in this place.
 C = Inter-level travel time spent in this place.
 D = Time resting spent in this place.
 E = Time spent auto-exploring this place.
 F = Levels seen in this place.
 G = Mean time per level.
                   A        B        C        D        E       F      G
               +--------+--------+--------+--------+--------+-----+--------+
         Total |    177 |    177 |      0 |    117 |      0 |   1 |  177.0 |
       Dungeon |    177 |    177 |      0 |    117 |      0 |   1 |  177.0 |
               +--------+--------+--------+--------+--------+-----+--------+

Top non-repeatable levels by time:
     D:1: 177 daAuts
